AoeStats
← ogipochi_

Arena

507643155Analyzed
4v4 RM · 14d ago on Sep 19, 2026· 35m 42s· 8 players
Game mode
Random Map
Map size
Large (8 player)
Population
200
Speed
Normal
Resources
Standard
Victory
Conquest
Starting age
Dark Age
Ending age
Imperial Age
RankedLock teamsTeams togetherTeam positionsShared explorationLock speedFull tech treeHidden civsTurbo modeCheats
Victory
Defeat
🇹🇷 Turks · Türkiye
732
+14
🇯🇵 Khitans · Japan
720
+15
🇺🇸 Huns · United States
707
+15
🇧🇷 Turks · Brazil
625
+19
🇦🇷 Koreans · Argentina
790
-20
🇹🇼 Italians · Taiwan
745
-18
🇳🇨 Franks · New Caledonia
618
-13
🇦🇺 Franks · Australia
610
-12
ogipochi_
9:15 Loom
11:11 Feudal Age
9:29 Loom
11:49 Double-Bit Axe
11:36 Man-at-Arms
12:02 Arson
13:07 Wheelbarrow
12:45 Domestication
14:47 Wheelbarrow
15:10 Forging
15:00 Scale Mail Armor
20:19 Castle Age
19:53 Gold Mining
19:55 Stone Mining
20:43 Long Swordsman
21:26 Squires
22:10 Gambesons
23:35 Iron Casting
25:06 Bow Saw
26:31 Pastoralism
31:37 Chain Mail Armor
33:03 Hand Cart
35:45 Lamellar Armor
38:15 Imperial Age
vkoni1997
10:19 Loom
15:34 Feudal Age
24:33 Castle Age
23:05 Double-Bit Axe
23:03 Horse Collar
23:16 Gold Mining
23:16 Stone Mining
25:41 Wheelbarrow
25:59 Bow Saw
25:55 Heavy Plow
26:34 Gold Shaft Mining
26:14 Caravan
33:27 Husbandry
33:38 Bloodlines
AloneArcher
12:03 Feudal Age
13:27 Double-Bit Axe
13:24 Horse Collar
14:04 Gold Mining
14:09 Stone Mining
17:52 Castle Age
19:42 Heavy Plow
22:06 Bow Saw
23:54 Wheelbarrow
24:38 Gold Shaft Mining
28:41 Imperial Age
27:31 Hand Cart
28:35 Scale Barding Armor
28:31 Padded Archer Armor
28:37 Town Watch
28:38 Loom
30:52 Conscription
32:55 Two-Man Saw
31:43 Heavy Camel Rider
ManilaTen142289
10:49 Feudal Age
11:18 Double-Bit Axe
20:16 Gold Mining
20:19 Stone Mining
20:12 Horse Collar
26:11 Castle Age
26:52 Man-at-Arms
28:01 Bow Saw
27:55 Heavy Plow
31:24 Caravan
34:33 Gold Shaft Mining
34:08 Long Swordsman
34:49 Squires
34:53 Husbandry
35:04 Bloodlines
38:34 Imperial Age
36:42 Wheelbarrow
SLIIMSYice
12:00 Feudal Age
12:40 Double-Bit Axe
16:40 Wheelbarrow
22:23 Castle Age
23:25 Bow Saw
28:37 Coinage
29:13 Gold Mining
29:16 Stone Mining
30:14 Caravan
31:02 Gold Shaft Mining
31:15 Hand Cart
32:59 Fortified Wall
32:45 Murder Holes
33:01 Masonry
34:21 Husbandry
Vivahakama
6:54 Loom
10:15 Feudal Age
10:44 Double-Bit Axe
11:43 Horse Collar
19:48 Castle Age
19:36 Gold Mining
19:37 Stone Mining
20:42 Heavy Plow
20:54 Bow Saw
21:02 Forging
20:52 Scale Mail Armor
22:39 Wheelbarrow
30:36 Imperial Age
29:01 Hand Cart
28:41 Town Watch
29:54 Town Patrol
31:17 Squires
32:04 Iron Casting
31:45 Chain Mail Armor
32:06 Heated Shot
32:29 Masonry
33:27 Chemistry
32:51 Ballistics
33:30 Conscription
35:21 Blast Furnace
34:51 Plate Mail Armor
34:37 Fletching
34:48 Padded Archer Armor
34:39 Arson
SherlockLopez Arg.
0:28 Loom
12:24 Feudal Age
12:58 Gold Mining
13:00 Double-Bit Axe
20:33 Castle Age
19:04 Stone Mining
19:00 Horse Collar
21:04 Wheelbarrow
21:48 Bow Saw
22:24 Gold Shaft Mining
23:37 Stone Shaft Mining
26:59 Fletching
29:56 Hand Cart
31:17 Forging
31:03 Bodkin Arrow
31:14 Scale Barding Armor
31:11 Scale Mail Armor
35:29 Imperial Age
34:08 Murder Holes
34:24 Fortified Wall
34:55 Chain Barding Armor
La_starlette_du988
12:00 Feudal Age
19:08 Castle Age
17:03 Double-Bit Axe
17:23 Stone Mining
17:33 Gold Mining
20:10 Wheelbarrow
19:25 Town Watch
19:35 Fletching
22:00 Bow Saw
22:29 Gold Shaft Mining
25:16 Town Patrol
28:46 Hand Cart
31:50 Imperial Age
29:10 Loom
31:21 Bodkin Arrow
32:33 Fortified Wall
32:14 Guard Tower
32:35 Masonry
32:22 Murder Holes
34:20 Forging
34:11 Scale Mail Armor
Connection lost

Rejoining the realm…

Still unreachable

The connection could not be restored.

Session expired

The server has moved on; the page needs a fresh start.